 Dungeon Crawl Stone Soup version 0.17-a0-1-g1f4be75 (webtiles) character file.

18 McCoppin the Vexing (level 2, -1/19 HPs)
             Began as a Demonspawn Wanderer on Mar 4, 2015.
             Slain by a jackal (2 damage)
             ... on level 2 of the Dungeon.
             The game lasted 00:04:15 (1269 turns).

McCoppin the Vexing (Demonspawn Wanderer)           Turns: 1269, Time: 00:04:15

Health: -1/19      AC:  2    Str: 14    XL:     2   Next: 48%
Magic:  3/3        EV: 11    Int: 11    God:
Gold:   81         SH:  0    Dex: 12    Spells: 1 memorised, 2 levels left

rFire  . . .     SeeInvis .     c - +0 falchion
rCold  . . .     Clarity  .     d - +0 robe
rNeg   . . .     SustAb   .     (no shield)
rPois  .         Gourm    .     (no helmet)
rElec  .         Spirit   .     (no cloak)
rCorr  .         Warding  .     (no gloves)
rMut   .         Stasis   .     (no boots)
MR     .....                    (no amulet)
Stlth  ++........               (no ring)
                                (no ring)

@: very slightly contaminated, invisible, not resistant to hostile enchantments,
unstealthy
A: nightstalker 1
a: no special abilities


You were on level 2 of the Dungeon.
You were not hungry.

You visited 1 branch of the dungeon, and saw 2 of its levels.

You collected 81 gold pieces.

Inventory:

Hand weapons
 c - a +0 falchion (weapon)
Armour
 d - a +0 robe (worn)
Scrolls
 g - 2 scrolls of identify {unknown}
Potions
 i - a potion of brilliance {unknown}
 j - 2 potions of heal wounds {unknown}
Books
 a - a book of Maledictions

   Spells                             Type                      Level
   a - Corona                         Hexes                        1
   b - Sure Blade                     Hexes/Charms                 2
   c - Ensorcelled Hibernation        Hexes/Ice                    2
   d - Confuse                        Hexes                        3
   e - Dazzling Spray                 Conjuration/Hexes            3
   f - Enslavement                    Hexes                        4
 b - Lehudib's Papyrus of Torrid Conjuration

   Spells                             Type                      Level
   a - Flame Tongue                   Conjuration/Fire             1
   b - Throw Flame                    Conjuration/Fire             2
Comestibles
 k - 3 fruits


   Skills:
 + Level 2.8 Long Blades
 - Level 1.0 Dodging
   Level 1.7 Shields
 - Level 1.0 Spellcasting
 - Level 4.0 Hexes


You had 2 spell levels left.
You knew the following spells:

 Your Spells              Type           Power        Failure   Level  Hunger
a - Corona                Hex            #......      10%         1    ##.....


Dungeon Overview and Level Annotations

Branches:
Dungeon (2/15)

Altars:


Innate Abilities, Weirdness & Mutations

You are slightly more attuned to the shadows.


Message History

The jackal is almost dead.
The jackal completely misses you. The jackal bites you.
* * * LOW HITPOINT WARNING * * *
You miss the jackal.
The jackal is almost dead.
The jackal closely misses you.
You miss the jackal.
The jackal is almost dead.
The jackal bites you.
* * * LOW HITPOINT WARNING * * *
The jackal bites you.
* * * LOW HITPOINT WARNING * * *
You hit the jackal but do no damage.
The jackal is almost dead.
The jackal closely misses you. The jackal barely misses you.
You catch the helpless jackal completely off-guard!
You hit the jackal.
You kill the jackal!
The jackal bites you.
You die...

..# # #.# ..# #.####### #.#
#.#........ #..#.. #.#
#.#......... #.#..#.##.#.#
#.#.......... #.#..#.##.#.#
#.#..........#
#.#..#<##.#.###.#..........##
#(.>.........@hh.............
#.......#.#(#####..........#
#....†..#.#.# #..........#
#..<.†...<#.#####...$......#
#.....##.......##.........(#
#......+.................%.#
##....##................#.##
#....##..........(.....#.#
#....##..............!.# #


You could see 2 jackals.

Vanquished Creatures
  3 goblins (D:1)
  3 hobgoblins (D:1)
  5 jackals
  A bat (D:1)
  2 giant newts
  2 kobolds (D:1)
  A rat (D:2)
17 creatures vanquished.

Notes
Turn   | Place    | Note
--------------------------------------------------------------
     0 | D:1      | McCoppin, the Demonspawn Wanderer, began the quest for the Orb.
     0 | D:1      | McCoppin set off with: a book of Maledictions, Lehudib's Papyrus of Torrid Conjuration, a +0 falchion, a +0 robe, a bread ration
     0 | D:1      | Reached XP level 1. HP: 13/13 MP: 2/2
     0 | D:1      | Identified Lehudib's Papyrus of Torrid Conjuration
     2 | D:1      | Learned a level 1 spell: Corona
   630 | D:1      | Gained mutation: You are slightly more attuned to the shadows. [demonic ancestry]
   630 | D:1      | Reached XP level 2. HP: 10/19 MP: 1/3
  1269 | D:2      | Slain by a jackal

Action                   || total
-------------------------++-------
Melee: Falchion          ||    60
 Cast: Corona            ||     9
  Use: Potion            ||     2
 Stab: Invisible         ||     2
       Sleeping          ||     2
  Eat: Bread ration      ||     1
